Unix NetHack Version 5.0.0-0 post-release - last build May 23 2026 06:08:33 (1c0ff79ee797540d5714e4e18072db0edd9e58ae,branch:main).

Game began 2026-05-26 04:51:20, ended 2026-05-26 05:46:33.

FalseGod, chaotic female orcish Rogue

                                                       ---
                                                      .........
                                                ...|....).......
                                               ..........)..%...
                                               -...)).......--      -
                                               ---....[%..............
                                                 |..@......  ---   ..-
                                                 -.[...|...
                                                 .^..  --.-
                                                 --.-   ---

FalseGod the Cutpurse   St:14 Dx:18 Co:17 In:9 Wi:9 Ch:9  Chaotic
Dlvl:4  $:49 HP:0(44) Pw:15(15) AC:0  Xp:5 T:2704  Blind Deaf

Latest messages:
 The little dog misses the dwarf.
 The gnome thrusts his dagger.
 The gnome hits!
 The dwarf swings her broad pick.
 The dwarf misses!
 The little dog misses the dwarf.
 You hear some noises.
 The gnome throws a dagger!
 You are hit by a dagger.
 The dwarf throws a dagger!
 You are hit by a dagger.
 You have no ammunition readied.
 What do you want to fire? [$aJMNW or ?*] ?
 You are wielding 2 elven daggers.  Ready 1 of them? [ynq] (q) y
 You ready: i - an elven dagger.
 In what direction? u
 The elven dagger misses the dwarf.
 You hear some noises in the distance.
 You see here a stethoscope.
 You are momentarily blinded by a flash of light!
 You hear a deafening roar!
 It misses.
 j - a dagger.
 m - a stethoscope.
 Wait!  There's something there you can't see!
 It misses!
 You kill it!
 It misses.
 You try to feel what is lying here on the floor.
 It misses!
 You have a little trouble lifting 2 daggers.  Continue? [ynq] (q) y
 You have a little trouble lifting j - 2 daggers (3 in total).
 Your movements are slowed slightly because of your load.
 It hits!
 It misses!
 What do you want to drop? [$ac-hj-npr-vxyBH-SUWZ or ?*] ?
 You drop an uncursed +1 leather armor.
 Your movements are now unencumbered.
 You hit it.
 It hits!
 Wait!  There's something there you can't see!
 You try to feel what is lying here on the floor.
 You feel here a gem.
 It hits!
 You die...
 Do you want your possessions identified? [ynq] (y) y
 Do you want to see your attributes? [ynq] (y) n
 Do you want an account of creatures vanquished? [ynaq] (y) n
 Do you want to see your conduct and achievements? [ynq] (y) n
 Do you want to see the dungeon overview? [ynq] (y) n

Inventory:
 Coins    ('$')
  $ - 49 gold pieces
 Weapons  (')')
  N - a +0 dart
  J - a +0 shuriken
  j - 3 +0 daggers
  M - a +0 elven dagger (weapon in right hand)
  W - a +0 orcish dagger
  a - a blessed corroded +0 orcish short sword
 Armor    ('[')
  L - an uncursed +0 orcish helm (being worn)
  O - an uncursed +2 pair of iron shoes (being worn)
  P - an uncursed +0 dwarvish cloak (being worn)
  h - an uncursed +0 elven mithril-coat (being worn)
 Comestibles  ('%')
  k - an uncursed carrot
  g - 2 uncursed food rations
  r - an uncursed fortune cookie
  B - an uncursed lembas wafer
 Scrolls  ('?')
  K - an uncursed scroll of destroy armor
  Z - a cursed scroll of enchant weapon
 Spellbooks  ('+')
  I - an uncursed spellbook of blank paper
 Potions  ('!')
  R - a blessed potion of healing
  y - 2 uncursed potions of healing
  d - an uncursed potion of sickness
 Wands    ('/')
  x - a wand of enlightenment (0:14)
  s - a wand of fire (0:3)
  t - a wand of sleep (0:3)
 Tools    ('(')
  f - an empty uncursed sack
  H - an empty uncursed sack
  e - an uncursed lock pick
  Q - an uncursed magic whistle
  p - a +0 pick-axe
  m - a cursed stethoscope
 Gems/Stones  ('*')
  u - an uncursed aquamarine stone
  n - an uncursed worthless piece of blue glass
  U - an uncursed worthless piece of green glass
  S - an uncursed worthless piece of red glass
  v - an uncursed worthless piece of white glass
  l - an uncursed worthless piece of yellowish brown glass

FalseGod the Rogue's attributes:

Background:
 You were a Cutpurse, a level 5 female orcish Rogue.
 You were chaotic, on a mission for Kos
 who was opposed by Issek (lawful) and Mog (neutral).
 You were right-handed.
 You were in the Gnomish Mines, on level 4.
 You entered the dungeon 2704 turns ago.
 It was nighttime.
 You had 203 experience points, 117 more were needed to attain level 6.

Basics:
 You had 0 out of 44 hit points.
 You had all 15 energy points (spell power).
 Your armor class was 0.
 Your wallet contained 49 zorkmids.
 Autopickup was off.

Final Characteristics:
 Your strength was 14 (limit:18/50).
 Your dexterity was 18 (limit:18).
 Your constitution was 17 (limit:18).
 Your intelligence was 9 (limit:16).
 Your wisdom was 9 (limit:16).
 Your charisma was 9 (limit:16).

Final Status:
 You were temporarily blind.
 You were deaf.
 You weren't hungry.
 You were unencumbered.
 You were wielding a dagger.
 You had basic skill with dagger.

Final Attributes:
 You were piously aligned.
 Your items were somewhat protected from fire.
 Your items were somewhat protected from cold.
 You were poison resistant.
 You had infravision.
 You were stealthy.
 You were guarded.
 You are dead.

Miscellaneous:
 You didn't encounter any bones levels.
 Total elapsed playing time was 55 minutes and 7 seconds.

Major events:
 Turn
    1: FalseGod the chaotic female orcish Rogue entered the dungeon
  989: attained the rank of Cutpurse (level 3)
 1278: entered the Gnomish Mines
 2704: killed by a dwarf

You didn't know any spells.

Skills:
 Fighting Skills
   bare handed combat [Unskilled]
   two weapon combat  [Unskilled]
   riding             [Unskilled]
 Weapon Skills
   dagger             [Basic]
   knife              [Unskilled]
   short sword        [Basic]
   broadsword         [Unskilled]
   long sword         [Unskilled]
   two-handed sword   [Unskilled]
   saber              [Unskilled]
   club               [Unskilled]
   mace               [Unskilled]
   morning star       [Unskilled]
   flail              [Unskilled]
   hammer             [Unskilled]
   polearms           [Unskilled]
   spear              [Unskilled]
   crossbow           [Unskilled]
   dart               [Unskilled]
   shuriken           [Unskilled]
 Spellcasting Skills
   divination spells  [Unskilled]
   escape spells      [Unskilled]
   matter spells      [Unskilled]

Voluntary challenges:
 Character rerolling was not enabled.
 You never genocided any monsters.
 You never polymorphed an object.
 You never changed form.
 You used no wishes.
Achievements:
 You entered a shop.
 You attained the rank of Cutpurse.
 You entered the Gnomish Mines.

 The Dungeons of Doom: levels 1 to 3
    Level 1:
       A fountain, a sink.
    Level 2:
       A general store, a fountain.
       Stairs down to The Gnomish Mines.
    Level 3:
       A fountain.
 The Gnomish Mines: levels 3 to 4
    Level 3:
    Level 4: <- You were here.
       Final resting place for
          you, killed by a dwarf.


Vanquished creatures:
  a small mimic
  2 gnome leaders
  3 dwarves
 an orc zombie
 an acid blob
  3 hobbits
  a large kobold
  2 giant rats
  a green mold
 15 gnomes
  2 garter snakes
  2 geckos
  3 jackals
  a fox
  a goblin
  6 grid bugs
  5 lichens
  3 kobold zombies
  2 newts
55 creatures vanquished.

No species were genocided or became extinct.

Game over:
                       ----------
                      /          \
                     /    REST    \
                    /      IN      \
                   /     PEACE      \
                  /                  \
                  |     FalseGod     |
                  |      49 Au       |
                  |   killed by a    |
                  |      dwarf       |
                  |                  |
                  |                  |
                  |       2026       |
                 *|     *  *  *      | *
        _________)/\\_//(\/(/\)/\//\/|_)_______

Goodbye FalseGod the Rogue...

You died in The Gnomish Mines on dungeon level 4 with 1067 points,
and 49 pieces of gold, after 2704 moves.
You were level 5 with a maximum of 44 hit points when you died.

